APP
DANVILLE BRAVES @ SAN DIEGO (RK+) PADRES
08/31/2099
 
TOP OF THE 1ST
Danville Braves batting - Pitching for San Diego (Rk+) Padres : RHP Edwin Santiago
Pitching: RHP Edwin Santiago
Batting: RHB Jamie Carney 0-0: Foul Ball, location: 9LSF
0-1: Reached on error, E5 (Groundball, 56, EV 88.8 MPH)
Batting: RHB Victor Tamez 0-0: Fly out, F8 (Flyball, 8RD, EV 93.1 MPH)
Batting: RHB Omar Medina 0-0: Called Strike
0-1: SINGLE (Groundball, 6MD, EV 107.5 MPH)
Jamie Carney to second
Runner from 2nd tries for 3rd, SAFE, throw by CF made to third
Batting: RHB Sean Doane 0-0: Ball
1-0: SINGLE (Line Drive, 7S, EV 86.3 MPH)
Jamie Carney scores
Omar Medina to second
Batting: SHB Vincent Santos 0-0: Called Strike
0-1: Ball
1-1: Ground out 6-3 (Groundball, 6M, EV 98.1 MPH)
Omar Medina to third
Sean Doane to second
Batting: RHB Brian Karwan 0-0: Swinging Strike
0-1: Foul Ball, location: 2F
0-2: Ball
1-2: Strikes out swinging
Top of the 1st over - 1 run, 2 hits, 1 error, 2 left on base; Danville 1 - San Diego (Rk+) 0
BOTTOM OF THE 1ST
San Diego (Rk+) Padres batting - Pitching for Danville Braves : RHP Marty Riley
Pitching: RHP Marty Riley
Batting: LHB Ryan Robertson 0-0: Ball
1-0: Ball
2-0: Called Strike
2-1: Called Strike
2-2: Foul Ball, location: 3SF
2-2: Strikes out looking
Batting: RHB Tony Calvillo 0-0: Called Strike
0-1: Ball
1-1: Called Strike
1-2: Ball
2-2: Ball
3-2: Foul Ball, location: 2F
3-2: Foul Ball, location: 3DF
3-2: Foul Ball, location: 5FF
3-2: Foul Ball, location: 2F
3-2: Strikes out looking
Batting: LHB Matt Guevara 0-0: SINGLE (Line Drive, 56D, EV 101.9 MPH)
Batting: LHB Hector Lopez 0-0: Ball
1-0: Ball
2-0: Foul Ball, location: 25F
2-1: Ball
3-1: Called Strike
3-2: Foul Ball, location: 23F
3-2: SINGLE (Line Drive, 89S, EV 86.3 MPH)
Matt Guevara to second
Matt Guevara to third
Batting: SHB Gil Berrios 0-0: Swinging Strike
0-1: Swinging Strike
0-2: Ball
1-2: Strikes out swinging
Bottom of the 1st over - 0 runs, 2 hits, 0 errors, 2 left on base; Danville 1 - San Diego (Rk+) 0
TOP OF THE 2ND
Danville Braves batting - Pitching for San Diego (Rk+) Padres : RHP Edwin Santiago
Batting: RHB Chris Barteck 0-0: Ball
1-0: Ball
2-0: Ball
3-0: Base on Balls
Batting: RHB Phil Eagles 0-0: Called Strike
0-1: Ball
1-1: Swinging Strike
1-2: Ball
2-2: Strikes out looking
Batting: RHB Omar Rivera 0-0: Ball
1-0: Called Strike
1-1: Fly out, F4 (Line Drive, 4, EV 69.4 MPH)
Batting: RHB Jamie Carney 0-0: 2-RUN HOME RUN (Flyball, 9LD, EV 93.8 MPH), Distance : 331 ft
Batting: RHB Victor Tamez 0-0: DOUBLE (Flyball, 8LXD, EV 94.4 MPH)
Batting: RHB Omar Medina 0-0: Ball
1-0: Swinging Strike
1-1: Called Strike
1-2: Foul Ball, location: 5SF
1-2: Ball
2-2: Ball
3-2: Base on Balls
Batting: RHB Sean Doane 0-0: Ball
1-0: Called Strike
1-1: Ground out U3 (Groundball, 3, EV 105.6 MPH)
Top of the 2nd over - 2 runs, 2 hits, 0 errors, 2 left on base; Danville 3 - San Diego (Rk+) 0
BOTTOM OF THE 2ND
San Diego (Rk+) Padres batting - Pitching for Danville Braves : RHP Marty Riley
Pitching: RHP Brad Nelson
Batting: RHB Travis Garrison 0-0: Called Strike
0-1: Foul Ball, location: 9LMF
0-2: Foul Ball, location: 2F
0-2: Foul Ball, location: 2F
0-2: SINGLE (Line Drive, 9LS, EV 101.3 MPH)
Batting: RHB Lapaela Naniahiahi 0-0: Called Strike
0-1: Ball
1-1: SINGLE (Line Drive, 6M, EV 95.0 MPH)
Travis Garrison to second
Batting: RHB Pat Rabe 0-0: Ball
1-0: Foul Ball, location: 2F
1-1: Foul Ball, location: 5SF
1-2: Ball
2-2: Ball
3-2: Base on Balls
Travis Garrison to third
Lapaela Naniahiahi to second
Batting: RHB Bill Sims 0-0: Called Strike
0-1: Swinging Strike
0-2: Ball
1-2: Ball
2-2: Strikes out swinging
Batting: LHB Ryan Robertson 0-0: Ball
1-0: Foul Ball, location: 5F
1-1: Foul Ball, location: 7LMF
1-2: Fly out, F9 (Flyball, 89S, EV 89.4 MPH)
Batting: RHB Tony Calvillo 0-0: Foul Ball, location: 3F
0-1: Called Strike
0-2: Ball
1-2: Ball
2-2: Strikes out swinging
Bottom of the 2nd over - 0 runs, 2 hits, 0 errors, 3 left on base; Danville 3 - San Diego (Rk+) 0
TOP OF THE 3RD
Danville Braves batting - Pitching for San Diego (Rk+) Padres : RHP Edwin Santiago
Batting: SHB Vincent Santos 0-0: Ball
1-0: Ball
2-0: Ground out 2-3 (Groundball, 2R, EV 62.5 MPH)
Batting: RHB Brian Karwan 0-0: Ball
1-0: DOUBLE (Line Drive, 7LM, EV 102.5 MPH)
Batting: RHB Chris Barteck 0-0: Swinging Strike
0-1: Ball
1-1: Ball
2-1: Swinging Strike
2-2: Ball
3-2: Strikes out swinging
Batting: RHB Phil Eagles 0-0: Foul Ball, location: 7LMF
0-1: Called Strike
0-2: Ball
1-2: Strikes out swinging
Top of the 3rd over - 0 runs, 1 hit, 0 errors, 1 left on base; Danville 3 - San Diego (Rk+) 0
BOTTOM OF THE 3RD
San Diego (Rk+) Padres batting - Pitching for Danville Braves : RHP Brad Nelson
Batting: LHB Matt Guevara 0-0: Called Strike
0-1: Foul Ball, location: 7LMF
0-2: DOUBLE (Groundball, 3L, EV 96.9 MPH)
Batting: LHB Hector Lopez 0-0: Ball
1-0: Ball
2-0: Ball
3-0: Base on Balls
Batting: SHB Gil Berrios 0-0: Grounds into double play, 5-4-3 (Groundball, 5, EV 106.9 MPH)
Matt Guevara to third
Batting: RHB Travis Garrison 0-0: Ball
1-0: Fly out, F8 (Line Drive, 89D, EV 83.8 MPH)
Bottom of the 3rd over - 0 runs, 1 hit, 0 errors, 1 left on base; Danville 3 - San Diego (Rk+) 0
TOP OF THE 4TH
Danville Braves batting - Pitching for San Diego (Rk+) Padres : RHP Edwin Santiago
Batting: RHB Omar Rivera 0-0: Called Strike
0-1: Foul Ball, location: 2F
0-2: Ground out 6-3 (Groundball, 6MS, EV 86.3 MPH)
Batting: RHB Jamie Carney 0-0: Called Strike
0-1: Ball
1-1: Ball
2-1: Called Strike
2-2: Ball
3-2: Base on Balls
Pitching: RHP Luis Nino
Batting: RHB Victor Tamez 0-0: Foul Ball, location: 2F
0-1: Foul Ball, location: 9LMF
0-2: Strikes out swinging
Batting: RHB Omar Medina 0-0: Ball
1-0: Called Strike
1-1: Ball
2-1: Ball
3-1: Fly out, F4 (Popup, 13S, EV 81.9 MPH)
Top of the 4th over - 0 runs, 0 hits, 0 errors, 1 left on base; Danville 3 - San Diego (Rk+) 0
BOTTOM OF THE 4TH
San Diego (Rk+) Padres batting - Pitching for Danville Braves : RHP Brad Nelson
Batting: RHB Lapaela Naniahiahi 0-0: Ball
1-0: Fly out, F8 (Flyball, 78M, EV 83.8 MPH)
Batting: RHB Pat Rabe 0-0: Called Strike
0-1: Swinging Strike
0-2: Foul Ball, location: 5DF
0-2: Ball
1-2: Ball
2-2: Ball
3-2: Foul Ball, location: 3F
3-2: Base on Balls
Batting: RHB Bill Sims 0-0: Called Strike
0-1: Foul Ball, location: 2F
0-2: Grounds out, U3 (Groundball, 3L, EV 105.0 MPH)
Batting: LHB Ryan Robertson 0-0: Called Strike
0-1: Ball
1-1: SINGLE (Groundball, 6, EV 107.5 MPH)
Pat Rabe to third
Runner from 3rd tries for Home, SAFE, throw by CF to home
Batting: RHB Tony Calvillo 0-0: Called Strike
0-1: SINGLE (Groundball, 4MD, EV 106.9 MPH) (infield hit)
Ryan Robertson to second
Batting: LHB Matt Guevara 0-0: Swinging Strike
0-1: Ball
1-1: Ball
2-1: Ball
3-1: Foul Ball, location: 3FF
3-2: Ground out 4-3 (Groundball, 4M, EV 75.6 MPH)
Bottom of the 4th over - 1 run, 2 hits, 0 errors, 2 left on base; Danville 3 - San Diego (Rk+) 1
TOP OF THE 5TH
Danville Braves batting - Pitching for San Diego (Rk+) Padres : RHP Luis Nino
Batting: RHB Sean Doane 0-0: Foul Ball, location: 23F
0-1: Ball
1-1: Ball
2-1: Ball
3-1: Base on Balls
Batting: SHB Vincent Santos 0-0: Swinging Strike
0-1: Ball
1-1: Swinging Strike
1-2: Ball
2-2: Strikes out swinging
Batting: RHB Brian Karwan 0-0: Ball
1-0: Ball
2-0: SINGLE (Line Drive, 9S, EV 86.9 MPH)
Sean Doane to second
Batting: RHB Chris Barteck 0-0: Called Strike
0-1: SINGLE (Groundball, 56D, EV 105.0 MPH)
Sean Doane to third
Brian Karwan to second
Batting: RHB Phil Eagles 0-0: Fly out, F9 (Flyball, 9LM, EV 107.5 MPH)
Runner from 3rd tags up, SCORES, throw by RF
Brian Karwan to third
Batting: RHB Omar Rivera 0-0: Ball
1-0: Called Strike
1-1: Ball
2-1: Ball
3-1: Fly out, F7 (Line Drive, 7S, EV 88.1 MPH)
Top of the 5th over - 1 run, 2 hits, 0 errors, 2 left on base; Danville 4 - San Diego (Rk+) 1
BOTTOM OF THE 5TH
San Diego (Rk+) Padres batting - Pitching for Danville Braves : RHP Brad Nelson
Batting: LHB Hector Lopez 0-0: Ball
1-0: Ball
2-0: SINGLE (Flyball, 6MD, EV 90.6 MPH)
Batting: SHB Gil Berrios 0-0: Ball
1-0: Called Strike
1-1: Ball
2-1: Ball
3-1: Ground out 4-3 (Groundball, 34D, EV 81.9 MPH)
Hector Lopez to second
Batting: RHB Travis Garrison 0-0: Ball
1-0: Called Strike
1-1: Fly out, F7 (Flyball, 7, EV 98.1 MPH)
Batting: RHB Lapaela Naniahiahi 0-0: SINGLE (Line Drive, 4MD, EV 99.4 MPH)
Hector Lopez to third
Runner from 3rd tries for Home, SAFE, throw by CF to home
Batting: RHB Pat Rabe 0-0: Fly out, F9 (Flyball, 89S, EV 91.3 MPH)
Bottom of the 5th over - 1 run, 2 hits, 0 errors, 1 left on base; Danville 4 - San Diego (Rk+) 2
TOP OF THE 6TH
Danville Braves batting - Pitching for San Diego (Rk+) Padres : RHP Luis Nino
Batting: RHB Jamie Carney 0-0: Ball
1-0: Called Strike
1-1: SINGLE (Line Drive, 8RS, EV 96.3 MPH)
Batting: RHB Victor Tamez 0-0: Ball
1-0: DOUBLE (Line Drive, 9LS, EV 92.5 MPH)
Jamie Carney to third
Batting: RHB Omar Medina 0-0: Ball
1-0: Foul Ball, location: 2F
1-1: Swinging Strike
1-2: Foul Ball, location: 9LDF
1-2: Strikes out swinging
Pitching: RHP Tommy Slone
Batting: RHB Sean Doane 0-0: Called Strike
0-1: Foul Ball, location: 2F
0-2: Ball
1-2: Foul Ball, location: 5F
1-2: Ball
2-2: Strikes out swinging
Batting: SHB Vincent Santos 0-0: Called Strike
0-1: SINGLE (Groundball, 34D, EV 95.6 MPH)
Jamie Carney scores
Victor Tamez to third
Runner from 3rd tries for Home, SAFE, throw by RF to home
Batting: RHB Brian Karwan 0-0: Called Strike
0-1: Called Strike
0-2: Ball
1-2: Foul Ball, location: 2F
1-2: SINGLE (Line Drive, 6D, EV 100.0 MPH)
Vincent Santos to second
Batting: RHB Chris Barteck 0-0: Called Strike
0-1: Ball
1-1: Ball
2-1: Ball
3-1: Fielders Choice at 2nd, 5-4 (Groundball, 56, EV 101.9 MPH)
Top of the 6th over - 2 runs, 4 hits, 0 errors, 2 left on base; Danville 6 - San Diego (Rk+) 2
BOTTOM OF THE 6TH
San Diego (Rk+) Padres batting - Pitching for Danville Braves : RHP Brad Nelson
Batting: RHB Bill Sims 0-0: Ball
1-0: Ball
2-0: Ground out 3-1 (Groundball, 34S, EV 88.8 MPH)
Batting: LHB Ryan Robertson 0-0: Ball
1-0: Ball
2-0: Fly out, F8 (Flyball, 89S, EV 83.1 MPH)
Batting: RHB Tony Calvillo 0-0: Ball
1-0: Ball
2-0: Foul Ball, location: 2F
2-1: Swinging Strike
2-2: Foul Ball, location: 9LMFF
2-2: Strikes out swinging
Bottom of the 6th over - 0 runs, 0 hits, 0 errors, 0 left on base; Danville 6 - San Diego (Rk+) 2
TOP OF THE 7TH
Danville Braves batting - Pitching for San Diego (Rk+) Padres : RHP Tommy Slone
Pitching: LHP Jorge Moralez
Batting: RHB Phil Eagles 0-0: Ball
1-0: Ball
2-0: Single, Error in OF, E9, batter to second base (Line Drive, 9S, EV 94.4 MPH)
Batting: RHB Omar Rivera 0-0: Ball
1-0: Ground out 6-3 (Groundball, 6, EV 110.6 MPH)
Batting: RHB Jamie Carney 0-0: Ground out 5-3 (Groundball, 5S, EV 71.9 MPH)
Batting: RHB Victor Tamez 0-0: Ball
1-0: Ball
2-0: Ball
3-0: Called Strike
3-1: DOUBLE (Flyball, 8RXD, EV 106.9 MPH)
Phil Eagles scores
Batting: RHB Omar Medina 0-0: Ball
1-0: Foul Ball, location: 2F
1-1: Called Strike
1-2: Foul Ball, location: 2F
1-2: Foul Ball, location: 23F
1-2: Ball
2-2: Ball
3-2: Ground out 4-3 (Groundball, 4, EV 87.5 MPH)
Top of the 7th over - 1 run, 2 hits, 1 error, 1 left on base; Danville 7 - San Diego (Rk+) 2
BOTTOM OF THE 7TH
San Diego (Rk+) Padres batting - Pitching for Danville Braves : RHP Brad Nelson
Pitching: RHP Roman White
Batting: LHB Matt Guevara 0-0: Ball
1-0: Called Strike
1-1: Foul Ball, location: 5F
1-2: Foul Ball, location: 3FF
1-2: Ball
2-2: Ball
3-2: SINGLE (Groundball, 4MD, EV 107.5 MPH)
Batting: LHB Hector Lopez 0-0: Foul Ball, location: 2F
0-1: Ball
1-1: SINGLE (Groundball, 34D, EV 100.0 MPH)
Matt Guevara to second
Batting: SHB Gil Berrios 0-0: Called Strike
0-1: Fly out, F6 (Popup, 6, EV 75.6 MPH)
Batting: RHB Travis Garrison 0-0: Called Strike
0-1: Ball
1-1: Ball
2-1: Ball
3-1: Base on Balls
Matt Guevara to third
Hector Lopez to second
Batting: RHB Lapaela Naniahiahi 0-0: Ball
1-0: Foul Ball, location: 9LDF
1-1: Fly out, F9 (Flyball, 89S, EV 90.6 MPH)
Batting: RHB Pat Rabe 0-0: Ball
1-0: Ground out 4-3 (Groundball, 4, EV 86.9 MPH)
Bottom of the 7th over - 0 runs, 2 hits, 0 errors, 3 left on base; Danville 7 - San Diego (Rk+) 2
TOP OF THE 8TH
Danville Braves batting - Pitching for San Diego (Rk+) Padres : LHP Jorge Moralez
Batting: RHB Sean Doane 0-0: Fly out, F8 (Flyball, 8RD, EV 91.3 MPH)
Batting: SHB Vincent Santos 0-0: Fly out, F3 (Popup, 3SF, EV 73.8 MPH)
Batting: RHB Brian Karwan 0-0: Ball
1-0: Foul Ball, location: 2F
1-1: Foul Ball, location: 2F
1-2: Fly out, F8 (Flyball, 78XD, EV 107.5 MPH)
Top of the 8th over - 0 runs, 0 hits, 0 errors, 0 left on base; Danville 7 - San Diego (Rk+) 2
BOTTOM OF THE 8TH
San Diego (Rk+) Padres batting - Pitching for Danville Braves : RHP Roman White
Batting: RHB Bill Sims 0-0: Fly out, F8 (Flyball, 8RS, EV 78.8 MPH)
Batting: LHB Ryan Robertson 0-0: Ball
1-0: Ball
2-0: Foul Ball, location: 25F
2-1: Swinging Strike
2-2: Strikes out swinging
Batting: RHB Tony Calvillo 0-0: Ball
1-0: Called Strike
1-1: Foul Ball, location: 2RF
1-2: Foul Ball, location: 2F
1-2: Strikes out swinging
Bottom of the 8th over - 0 runs, 0 hits, 0 errors, 0 left on base; Danville 7 - San Diego (Rk+) 2
TOP OF THE 9TH
Danville Braves batting - Pitching for San Diego (Rk+) Padres : LHP Jorge Moralez
Pitching: LHP Juan Cruz
Batting: RHB Chris Barteck 0-0: Ball
1-0: Foul Ball, location: 2F
1-1: Ball
2-1: Fly out, F2 (Popup, 23F, EV 88.8 MPH)
Pinch Hitting: RHB Chris Moon 0-0: Ground out 5-3 (Groundball, 56S, EV 68.8 MPH)
Batting: RHB Omar Rivera 0-0: Called Strike
0-1: Called Strike
0-2: Strikes out swinging
Top of the 9th over - 0 runs, 0 hits, 0 errors, 0 left on base; Danville 7 - San Diego (Rk+) 2
BOTTOM OF THE 9TH
San Diego (Rk+) Padres batting - Pitching for Danville Braves : RHP Roman White
Now in LF: Tomas Melgar
Batting: LHB Matt Guevara 0-0: Ball
1-0: Ball
2-0: Called Strike
2-1: Ball
3-1: Base on Balls
Batting: LHB Hector Lopez 0-0: Called Strike
0-1: Ball
1-1: Ball
2-1: Foul Ball, location: 3F
2-2: Fly out, F9 (Flyball, 9S, EV 76.3 MPH)
Batting: SHB Gil Berrios 0-0: Ball
1-0: Ball
2-0: Called Strike
2-1: Foul Ball, location: 7LMF
2-2: Strikes out swinging
Pitching: RHP Isaias Chapa
Batting: RHB Travis Garrison 0-0: Ball
1-0: Called Strike
1-1: Foul Ball, location: 25F
1-2: Ball
2-2: Ball
3-2: Foul Ball, location: 25F
3-2: Base on Balls
Matt Guevara to second
Batting: RHB Lapaela Naniahiahi 0-0: Foul Ball, location: 2F
0-1: Foul Ball, location: 2F
0-2: Ball
1-2: Strikes out looking
Bottom of the 9th over - 0 runs, 0 hits, 0 errors, 2 left on base; Danville 7 - San Diego (Rk+) 2
Thursday, May 16th , 2024 - OOTP Baseball 24.11 Build 85